 Dungeon Crawl Stone Soup version 0.29.0-11-gd7f09526c8 (webtiles) character file.

Game seed: 4158376520937470235

276 SensoryNuts the Cudgeller (level 6, -6/59 HPs)
             Began as a Troll Fighter on Sept 3, 2022.
             Engulfed by a cloud of flame (32 damage)
             ... on level 3 of the Dungeon.
             The game lasted 00:03:54 (1765 turns).

SensoryNuts the Cudgeller (Troll Fighter)           Turns: 1765, Time: 00:03:55

Health: -6/59      AC:  5    Str: 27    XL:     6   Next: 4%
Magic:  5/5        EV: 10    Int:  4    God:
Gold:   596        SH:  0    Dex:  9    Spells: 5/5 levels left

rFire   . . .      SeeInvis .   a - +0 flail
rCold   . . .      Faith    .   (no shield)
rNeg    . . .      Spirit   .   b - +1 robe
rPois   .          Reflect  .   (helmet restricted)
rElec   .          Harm     .   (no cloak)
rCorr   .          Rampage  .   (gloves unavailable)
Will    .....                   (boots unavailable)
Stlth   +.........              (no amulet)
HPRegen 0.99/turn               (no ring)
MPRegen 0.09/turn               (no ring)

@: no status effects
A: large, unfitting armour, claws 3, regeneration 1, shaggy fur 1, tough skin 1
a: no special abilities


You were on level 3 of the Dungeon.
You visited 1 branch of the dungeon, and saw 3 of its levels.

You collected 596 gold pieces.

Inventory:

Hand Weapons
 a - a +0 flail (weapon)
Armour
 b - a +1 robe (worn)
Jewellery
 c - a ring of see invisible
Scrolls
 e - a scroll of fear
 f - a scroll of enchant armour
 g - 2 scrolls of butterflies
Potions
 i - 2 potions of resistance
 k - a potion of haste
 m - a potion of curing {unknown}
 n - a potion of magic {unknown}


   Skills:
 + Level 2.9 Fighting
 * Level 4.7 Maces & Flails
 + Level 3.1 Dodging
 + Level 0.2 Stealth
 - Level 3.0 Shields


You had 5 spell levels left.
You didn't know any spells.
Your spell library contained the following spells:

 Spells                   Type           Power      Damage    Failure   Level
 Scorch                   Fire           0%         2d5       65%         2
 Frozen Ramparts          Ice            0%         1d1       86%         3
 Flame Wave               Conj/Fire      0%         2d4       99%         4
 Ice Form                 Ice/Tmut       0%         N/A       99%         4
 Summon Ice Beast         Ice/Summ       0%         N/A       99%         4
 Summon Cactus Giant      Summ           0%         N/A       100%        6


Dungeon Overview and Level Annotations

Branches:
Dungeon (3/15)

Altars:
Wu Jian

Annotations:
D:3 Grinder


Innate Abilities, Weirdness & Mutations

You are too large for most types of armour.
You have claws for hands.
Your natural rate of healing is unusually fast.
You are covered in fur. (AC +1)
You have tough skin. (AC +1)


Message History

Grinder blinks!
The hobgoblin closely misses you. The hobgoblin attacks as you move away!
The hobgoblin barely misses you.
Grinder blinks!
You sock the hobgoblin!
You kill the hobgoblin!
Grinder says, "Just stop there for a second..."
Grinder gestures at you.
You suddenly lose the ability to move!
You can move again.
Grinder hits you!
You writhe in agony.
You see here a hobgoblin corpse.
You closely miss Grinder.
Grinder blinks!
You swing at nothing.
You barely miss the orc. The orc closely misses you.
Grinder grins, showing sharp teeth.
You closely miss the orc. You hit the orc but do no damage.
Grinder blinks!
You hit the orc but do no damage. The orc hits you with a +0 whip.
The orc closely misses you.
You sock the orc!
You kill the orc!
You closely miss the orc. The orc barely misses you.
You thump the orc!
You kill the orc!
Grinder blinks!
You closely miss the orc. The orc closely misses you.
You sock the orc!
You kill the orc!
Grinder blinks!
As you read the scroll labelled OXYESE PUCARPHO, it crumbles to dust.
The creatures around you are filled with an inner flame!
It was a scroll of immolation.
The orc hits you with a +0 hand axe.
You sock the orc!
The orc explodes!
The fiery explosion engulfs you!
You are engulfed in blazing flames.
You hear a shout!
You swing at nothing.
You are engulfed in blazing flames.
Ouch! That really hurt!
You die...

.#...#<##### ........##.#
###.#.#....# ### #.#...#### ..#
#)##### #.# #)# ###########.#
#)# #.......5.#.###### #.#
#.......#.#......######.. #.#
#.......#@#..###.#.5.....
###.####.......#§#..#.†.oo.o..>.
#......#.......#§...#.#.#.......
#.#.##.#.........##.....#####.wo
#.#.##.######.##.####.### o #
#.##.# #.......####.####
#.#.##.###.##.##.#.o.....#
#..........##.##.#.##.##.#
###.#####).........o..##.##


You could see Grinder.

Vanquished Creatures
  Sigmund (D:3)
  4 gnolls (D:3)
  2 adders
  A worm (D:2)
  4 orcs (D:3)
  2 ball pythons
  3 bats
  4 endoplasms (D:1)
  2 giant cockroaches (D:1)
  3 goblins
  4 hobgoblins
  3 jackals (D:1)
  3 kobolds
  2 quokkas (D:2)
  2 frilled lizards (D:2)
  5 rats
45 creatures vanquished.

Notes
Turn   | Place    | Note
-------+----------+-------------------------------------------
     0 | D:1      | SensoryNuts the Troll Fighter began the quest for the Orb.
     0 | D:1      | Reached XP level 1. HP: 22/22 MP: 0/0
    90 | D:1      | Reached skill level 2 in Maces & Flails
   118 | D:1      | Reached XP level 2. HP: 29/29 MP: 1/1
   886 | D:2      | Reached XP level 3. HP: 36/36 MP: 2/2
   971 | D:2      | Found an ornate altar of the Wu Jian Council.
  1278 | D:2      | Found a faded altar of an unknown god.
  1546 | D:2      | Identified a scroll of acquirement
  1546 | D:2      | Acquired 541 gold pieces
  1571 | D:3      | Reached skill level 3 in Maces & Flails
  1583 | D:3      | Reached XP level 4. HP: 27/44 MP: 3/3
  1660 | D:3      | Noticed Sigmund
  1678 | D:3      | Killed Sigmund
  1679 | D:3      | Reached skill level 4 in Maces & Flails
  1679 | D:3      | Reached XP level 5. HP: 37/52 MP: 4/4
  1720 | D:3      | Reached XP level 6. HP: 59/59 MP: 5/5
  1721 | D:3      | Noticed Grinder
  1749 | D:3      | Paralysed by Grinder for 2 turns
  1765 | D:3      | Engulfed by a cloud of flame

Illustrated notes

Levels and vault maps discovered:
D:1:      beargit_arrival_diablo_church, layout_loops_ring,
          chequers_serial_rivers_micro_e, lemuel_old_faithful
D:2:      layout_basic, ebering_ecumenical_altar_abandoned, basic_altar
D:3:      layout_loops_cross, kennysheep_another_room, minivault_24,
          uniq_grinder, uniq_terence, uniq_sigmund, uniq_crazy_yiuf_cottage

Skill      XL: |  1  2  3  4 |
---------------+-------------+-----
Maces & Flails | 2 3 4 |  4.7
Shields        | 3 |  3.0
Dodging        | 3 |  3.1
Fighting       | |  2.9
Stealth        | |  0.2

Action                   |  1- 3 |  4- 6 || total
-------------------------+-------+-------++-------
Melee: Flail             |   130 |    36 ||   166
  Use: Scroll            |     6 |     1 ||     7
       Potion            |     1 |     1 ||     2
Armor: Robe              |    50 |     6 ||    56
Dodge: Dodged            |    67 |    16 ||    83
Block: Kite shield       |    43 |       ||    43
